 Dungeon Crawl Stone Soup version 0.32-a0-931-g5a2cda0630 (webtiles) character file.

Game seed: 2064190012057397182

225 Meejax the Cudgeller (level 5, -1/39 HPs)
             Began as a Demonspawn Gladiator on Apr 14, 2024.
             Was an Initiate of Beogh.
             Slain by a jelly (2 damage)
             ... on level 4 of the Dungeon.
             The game lasted 00:05:49 (3004 turns).

Meejax the Cudgeller (Demonspawn Gladiator)         Turns: 3004, Time: 00:05:49

Health: -1/39      AC:  4    Str: 14    XL:     5   Next: 68%
Magic:  7/7        EV: 12    Int:  8    God:    Beogh [......]
Gold:   132        SH:  0    Dex: 17    Spells: 7/7 levels left

rFire   . . .        a - +0 flail
rCold   . . .        (no shield)
rNeg    + . .        w - +2 animal skin
rPois   .            c - +0 helmet
rElec   .            (no cloak)
rCorr   .            j - +0 pair of gloves
SInv    .            (no boots)
Will    +....        (no amulet)
Stlth   +++          l - ring of positive energy
HPRegen 0.26/turn    s - ring of willpower
MPRegen 0.10/turn

%: no passive effects
@: corroded, sanguine armoured, wreathed by umbra
A: sanguine armour 1, foul shadow 1
a: Renounce Religion


You were on level 4 of the Dungeon.
You worshipped Beogh.
Beogh was noncommittal.
You visited 1 branch of the dungeon, and saw 4 of its levels.

You collected 132 gold pieces.

Inventory:

Hand Weapons
 a - a +0 flail (weapon)
Missiles
 d - 3 throwing nets (quivered)
 e - a javelin
Armour
 b - a +0 leather armour
 c - a +0 helmet (worn)
 j - a +0 pair of gloves (worn)
 w - a +2 animal skin (worn)
Jewellery
 i - a ring of fire
 l - a ring of positive energy (left hand)
 s - a ring of willpower (right hand)
Scrolls
 f - 3 scrolls of teleportation {unknown}
 g - 5 scrolls of identify {unknown}
 h - a scroll of torment {unknown}
 m - 3 scrolls of fear {unknown}
 o - a scroll of blinking {unknown}
 p - a scroll of revelation {unknown}
 q - a scroll of noise {unknown}
 u - a scroll of immolation {unknown}
Potions
 k - a potion of might {unknown}
 n - 3 potions of curing {unknown}
 r - a potion of attraction {unknown}
 t - a potion of resistance {unknown}
 v - 2 potions of invisibility {unknown}


   Skills:
 + Level 2.4 Fighting
 + Level 4.3 Maces & Flails
 + Level 1.8 Throwing
 + Level 1.2 Armour
 + Level 3.2 Dodging
 + Level 1.2 Stealth
 * Level 1.9 Spellcasting


You had 7 spell levels left.
You didn't know any spells.
Your spell library contained the following spells:

 Spells                   Type           Power      Damage    Failure   Level
 Magic Dart               Conj           0%         1d3       36%         1
 Lesser Beckoning         Tloc           0%         N/A       50%         2
 Searing Ray              Conj           0%         2d4       50%         2
 Maxwell's Portable Pile  Tloc           0%         2d(5-13)  73%         3
 Teleport Other           Tloc           0%         N/A       73%         3
 Fulminant Prism          Conj/Alch      0%         3d5       98%         4


Dungeon Overview and Level Annotations

Branches:
Dungeon (4/15)
 Temple: D:4-7

Altars:

Shops:
D:4 (


Innate Abilities, Weirdness & Mutations

When seriously injured, your blood forms armour. (AC +6)
You are faintly shadowed, very rarely releasing foul flame when damaged in melee.


Message History

Beogh accepts your kill.
Things that are here:
a +0 short sword; 4 poisoned darts
There is a stone staircase leading down here.
You start resting.
HP restored.
You climb downwards.
There is a stone staircase leading up here.
There is an entrance to Binkom's Antique Weapon Shop here.
A jelly comes into view.
A jelly is nearby!
The helpless jelly fails to defend itself.
You hit the jelly.
Your hands burn!
The jelly is lightly wounded.
The jelly hits you but does no damage.
You hit the jelly. The acid corrodes you!
Your hands burn!
The jelly is moderately wounded.
The jelly barely misses you.
You barely miss the jelly.
The jelly is moderately wounded.
The jelly hits you. The acid corrodes you!
You are splashed with acid!
Your blood congeals into armour.
The jelly hits you.
You are splashed with acid!
You hit the jelly.
Your hands burn!
* * * LOW HITPOINT WARNING * * *
The jelly is severely wounded.
The jelly barely misses you.
You hit the jelly.
Your hands burn!
* * * LOW HITPOINT WARNING * * *
The jelly is severely wounded.
The jelly hits you but does no damage.
You hit the jelly but do no damage.
Your hands burn!
* * * LOW HITPOINT WARNING * * *
The jelly is severely wounded.
The jelly hits you.
* * * LOW HITPOINT WARNING * * *
The acid corrodes you!
You are splashed with acid!
* * * LOW HITPOINT WARNING * * *
The jelly attacks as it pursues you! The jelly hits you.
You die...

.. ...#.##..# #.
###..#..#... #.
#....#....<. . #.
#..#..#... .. #.
#[.......# .##.##.
#......### .......####
#..#...#
#.....J.#######.∩....#
#.#####@#.......###..#
#.#.####.......#
#.............##
#.#.####.######
#.#.####.# ..#......#
###########


You could see a jelly.

Vanquished Creatures
  A scorpion (D:4)
  Robin (D:2)
  3 gnolls
  4 adders
  2 dart slugs (D:2)
  3 ribbon worms (D:2)
  2 orcs (D:3)
  9 ball pythons
  7 bats
  3 endoplasms
  3 giant cockroaches
  14 goblins
  9 hobgoblins
  4 jackals (D:3)
  2 quokkas (D:3)
  A frilled lizard (D:3)
  5 kobolds
  7 rats
80 creatures vanquished.

Vanquished Creatures (others)
  An orc (D:3)
1 creature vanquished.

Grand Total: 81 creatures vanquished

Notes
Turn   | Place    | Note
-------+----------+-------------------------------------------
     0 | D:1      | Meejax the Demonspawn Gladiator began the quest for the
                  | Orb.
     0 | D:1      | Reached XP level 1. HP: 16/16 MP: 1/1
   225 | D:1      | Reached skill level 3 in Maces & Flails
   247 | D:1      | Gained mutation: When seriously injured, your blood forms
                  | armour. (AC +6) [demonic ancestry]
   247 | D:1      | Reached XP level 2. HP: 22/22 MP: 2/2
   832 | D:2      | Gained mutation: You are faintly shadowed, very rarely
                  | releasing foul flame when damaged in melee. [demonic
                  | ancestry]
   832 | D:2      | Reached XP level 3. HP: 21/27 MP: 3/3
   926 | D:2      | Noticed Robin
   953 | D:2      | Killed Robin
   959 | D:2      | Reached XP level 4. HP: 26/33 MP: 3/5
  1196 | D:2      | Reached skill level 1 in Spellcasting
  1454 | D:2      | Reached skill level 4 in Maces & Flails
  2063 | D:3      | Became a worshipper of Beogh the Shepherd
  2590 | D:4      | Found Binkom's Antique Weapon Shop.
  2598 | D:3      | Reached XP level 5. HP: 35/38 MP: 7/7
  2603 | D:3      | Reached skill level 1 in Stealth
  2642 | D:4      | Reached skill level 1 in Armour
  3002 | D:4      | HP: 1/39 [acid (7)]
  3004 | D:4      | Slain by a jelly

Illustrated notes

Levels and vault maps discovered:
D:1:      nagdon_arrival_zigzag_paths, layout_basic, serial_glass,
          glass_columns_c, glass_columns_a, minivault_23, grunt_decor_arrowhead
D:2:      layout_basic, minmay_divided_ellipse, uniq_robin
D:3:      layout_rooms
D:4:      layout_loops_cross, gammafunk_ghost_mausoleum, serial_shops,
          nicolae_shop_gaudy_bauble, nicolae_shop_back_alley_shop, shop, shop,
          nicolae_shop_industrial_runoff

Skill      XL: |  1  2  3  4  5 |
---------------+----------------+-----
Maces & Flails | 3 4 |  4.3
Dodging        | 3 |  3.2
Spellcasting   | 1 |  1.9
Stealth        | 1 |  1.2
Armour         | 1 |  1.2
Fighting       | |  2.4
Throwing       | |  1.8

Action                     |  1- 3 |  4- 6 || total
---------------------------+-------+-------++-------
  Melee: Flail             |    76 |   164 ||   240
 Invoke: Convert to Beogh  |       |     1 ||     1
    Use: Potion            |       |     3 ||     3
   Stab: Sleeping          |     1 |     5 ||     6
 Armour: Leather armour    |    67 |   120 ||   187
         Animal skin       |       |    17 ||    17
  Dodge: Dodged            |    61 |   170 ||   231

Table legend: (Time is in decaauts)
 A = Elapsed time spent in this place.
 B = Non-inter-level travel time spent in this place.
 C = Inter-level travel time spent in this place.
 D = Time resting spent in this place.
 E = Time spent auto-exploring this place.
 F = Levels seen in this place.
 G = Mean time per level.
                   A        B        C        D        E       F      G
               +--------+--------+--------+--------+--------+-----+--------+
         Total |   3059 |   2801 |    258 |     36 |   2119 |   4 |  764.8 |
       Dungeon |   3059 |   2801 |    258 |     36 |   2119 |   4 |  764.8 |
               +--------+--------+--------+--------+--------+-----+--------+

Top non-repeatable levels by time:
     D:2: 1226 daAuts
     D:3: 961 daAuts
     D:1: 778 daAuts
     D:4: 92 daAuts
